 Dungeon Crawl Stone Soup version 0.29.1-1-gd02db6906a (webtiles) character file.

Game seed: 287012538663416696

1009 LustLizard the Magician (level 8, -16/50 HPs)
             Began as a Djinni Ice Elementalist on Sept 26, 2022.
             Was an Initiate of Ashenzari.
             Demolished by an ice beast (18 damage)
             ... on level 5 of the Dungeon.
             The game lasted 00:11:13 (6942 turns).

LustLizard the Magician (Djinni Ice Elementalist)   Turns: 6942, Time: 00:11:15

Health: -16/50     AC:  3    Str:  7    XL:     8   Next: 44%
Gold:   181        EV: 13    Int: 20    God:    Ashenzari [......] SH:  0 Dex: 13

rFire   + + .      SeeInvis .   r - +2 whip (venom)
rCold   x . .      Faith    .   (no shield)
rNeg    . . .      Spirit   .   a - +0 robe
rPois   ∞          Reflect  .   e - +1 hat
rElec   .          Harm     .   (no cloak)
rCorr   +          Rampage  .   (no gloves)
Will    .....                   (boots unavailable)
Stlth   +++.......              q - amulet of the acrobat
HPRegen 0.16/turn               p - ring of resist corrosion
MPRegen 0.00/turn               (no ring)

@: flying
A: sickness immunity, fire resistance 2, cold vulnerability 1, float, innate
caster, HP casting, extra vitality 1
a: Renounce Religion, Curse Item


You were on level 5 of the Dungeon.
You worshipped Ashenzari.
Ashenzari was noncommittal.
You visited 2 branches of the dungeon, and saw 6 of its levels.
You also visited: Sewer.

You collected 181 gold pieces.

Inventory:

Hand Weapons
 h - a +0 vorpal short sword
 r - a +2 whip of venom (weapon)
Armour
 a - a +0 robe (worn)
 e - a +1 hat (worn)
Jewellery
 p - a ring of resist corrosion (left hand)
 q - an amulet of the acrobat (around neck)
 s - an amulet of reflection
Wands
 u - a wand of mindburst (6)
Scrolls
 b - a scroll of brand weapon
 d - a scroll of silence {unknown}
 j - a scroll of amnesia
 l - a scroll of noise
 o - 2 scrolls of identify {unknown}
 t - 2 scrolls of magic mapping {unknown}
 v - a scroll of enchant armour {unknown}
 w - a scroll of summoning {unknown}
Potions
 c - a potion of cancellation {unknown}
 f - a potion of attraction {unknown}
 g - 5 potions of heal wounds {unknown}
 i - a potion of berserk rage {unknown}
 k - a potion of might {unknown}
 m - a potion of degeneration {unknown}
 n - 2 potions of ambrosia {unknown}


   Skills:
 - Level 4.0 Dodging
 + Level 4.7 Stealth
 * Level 6.4 Spellcasting


You had 3 spell levels left.
You knew the following spells:

 Your Spells              Type           Power      Damage    Failure   Level
a - Freeze                Ice            100%       1d11      1%          1
b - Frozen Ramparts       Ice            64%        1d10      2%          3
c - Ozocubu's Armour      Ice            32%        N/A       2%          3
d - Hailstorm             Conj/Ice       32%        3d8       7%          4
e - Shock                 Conj/Air       100%       1d9       1%          1
f - Blink                 Tloc           64%        N/A       1%          2
g - Static Discharge      Conj/Air       32%        3-7/arc   1%          2
Your spell library was empty.

Dungeon Overview and Level Annotations

Branches:
Dungeon (5/15)             Temple (1/1) D:4           Sewer (visited)

Altars:
Ashenzari
Cheibriados
Okawaru
Xom


Innate Abilities, Weirdness & Mutations

You are immune to sickness and miasma.
You are immune to poison.
Your flesh is very heat resistant. (rF++)
You are vulnerable to cold. (rC-)
You float through the air rather than walking.
You learn spells naturally, not from books.
Your magical power is your life essence.
You have superior vitality. (+4 MHP)


Message History

No target in view!
No target in view!
Things that are here:
a +0 short sword; 8 poisoned darts; a kobold corpse Done exploring.
Done exploring.
There is an empty arch of ancient stone here.
There is a gate leading back out of this place here.
Welcome back to the Dungeon!
There is a collapsed entrance here.
A scorpion comes into view.
There are monsters nearby!
An ice beast comes into view.
The helpless ice beast fails to defend itself.
You hit the ice beast but do no damage.
The ice beast is poisoned.
The ice beast hits you. The ice beast freezes you!
You feel a terrible chill!
You closely miss the ice beast.
The ice beast is lightly wounded.
The ice beast hits you but does no damage.
You hit the ice beast.
The ice beast is moderately wounded.
The ice beast hits you. The ice beast freezes you!!
You feel a terrible chill!
* * * LOW HITPOINT WARNING * * *
The scorpion attacks as you move away! The scorpion closely misses you.
The scorpion misses you. The ice beast attacks as you move away!
The ice beast completely misses you. The ice beast attacks as you move away!
The ice beast barely misses you. The ice beast attacks as you move away!
The ice beast misses you. The ice beast attacks as you move away!
The ice beast hits you.
* * * LOW HITPOINT WARNING * * *
The ice beast freezes you!
You feel a terrible chill!
* * * LOW HITPOINT WARNING * * *
As you read the scroll labelled ZUDEIT JUDUM, it crumbles to dust.
You hear a loud clanging noise!
It was a scroll of noise.
You hear a bark!
You hear a shout! x3
The ice beast looks more healthy.
The ice beast hits you.
* * * LOW HITPOINT WARNING * * *
The ice beast freezes you!!
You feel a terrible chill!
You die...

######## ##......#### #
#[.#.......## .###
#.#..#.@.#..## ...##
#...[~~Y~~...# ....#
###..#~~~s~~~#.# ...#
#.....~~~~~~~..## ..##
##....~~~.~~~...# ...##
##.....~~~~~~~~..##
....###...#.#~~~~~~~#...##
.....##..#....~~~~~...#..##
...###...#....#..~#..###..####


You could see an ice beast and a scorpion.

Vanquished Creatures
  5 kobold brigands (Sewer)
  3 scorpions
  4 hounds (D:4)
  Ijyb (D:5)
  Terence (D:2)
  2 orc wizards (D:4)
  Robin (D:2)
  7 adders
  4 gnolls (D:3)
  2 river rats (Sewer)
  A shadow imp (D:5)
  2 worms
  A dart slug (D:2)
  An orc (D:4)
  16 ball pythons
  5 bats
  10 endoplasms
  5 giant cockroaches
  11 goblins
  6 hobgoblins
  9 jackals
  9 kobolds
  3 quokkas
  5 frilled lizards
  11 rats
  A butterfly (D:4)
126 creatures vanquished.

Notes
Turn   | Place    | Note
-------+----------+-------------------------------------------
     0 | D:1      | LustLizard the Djinni Ice Elementalist began the quest for
                  | the Orb.
     0 | D:1      | LustLizard set off with the following spells memorised:
                  | Freeze, Frozen Ramparts, Ozocubu's Armour, Hailstorm.
     0 | D:1      | Reached XP level 1. HP: 15/15 MP: 0/0
   144 | D:1      | Reached XP level 2. HP: 17/21 MP: 0/0
   783 | D:1      | Reached XP level 3. HP: 23/25 MP: 0/0
   783 | D:1      | Learned a level 1 spell: Shock
  1443 | D:2      | Noticed Robin
  1645 | D:2      | Killed Robin
  1646 | D:2      | Reached XP level 4. HP: 11/31 MP: 0/0
  1882 | D:2      | Noticed Terence
  1891 | D:2      | Killed Terence
  1892 | D:2      | Reached skill level 4 in Spellcasting
  2249 | D:2      | Reached XP level 5. HP: 22/35 MP: 0/0
  2249 | D:2      | Learned a level 2 spell: Blink
  2430 | D:2      | Found a faded altar of an unknown god.
  2935 | D:3      | Found a snail-covered altar of Cheibriados.
  3950 | D:4      | Reached XP level 6. HP: 17/40 MP: 0/0
  4462 | D:4      | Reached skill level 5 in Spellcasting
  4462 | D:4      | Reached XP level 7. HP: 41/45 MP: 0/0
  4462 | D:4      | Learned a level 2 spell: Static Discharge
  4880 | D:4      | Found a staircase to the Ecumenical Temple.
  4897 | Temple   | Entered the Ecumenical Temple
  4901 | Temple   | Became a worshipper of Ashenzari the Shackled
  5368 | D:5      | Entered Level 5 of the Dungeon
  5378 | D:5      | Noticed Ijyb
  5378 | D:5      | Noticed a steam dragon
  5396 | D:5      | Killed Ijyb
  5551 | D:5      | Found a glowing drain.
  5575 | Sewer    | Entered a sewer
  6230 | Sewer    | Reached XP level 8. HP: 48/50 MP: 0/0
  6256 | Sewer    | Reached skill level 6 in Spellcasting
  6942 | D:5      | HP: 2/50 [ice beast (3)]
  6942 | D:5      | Demolished by an ice beast

Illustrated notes

Levels and vault maps discovered:
D:1:      scummos_arrival_forest, layout_rooms, amcnicky_mini_pool_small,
          due_unseen_surprise
D:2:      layout_loops_ring, chequers_ecumenical_altar_island,
          minmay_misc_feat_hallway, uniq_robin, uniq_terence
D:3:      layout_basic, cheibrodos_worm_habitat, minivault_14,
          minmay_misc_feat_four_crosses
D:4:      layout_loops_cross, minmay_temple_entry_butterflies
D:5:      layout_cave_pools, cheibrodos_sewer_entry_drain, uniq_ijyb
Temple:   kb_temple_of_zot

Skill      XL: |  1  2  3  4  5  6  7  8 |
---------------+-------------------------+-----
Stealth        | 2 3 4 |  4.7
Dodging        | 3 4 |  4.0
Spellcasting   | 4 5 6 |  6.4

Action                   |  1- 3 |  4- 6 |  7- 9 || total
-------------------------+-------+-------+-------++-------
Melee: Unarmed           |     8 |       |       ||     8
       Short sword       |     9 |    36 |       ||    45
       Punch             |     1 |     1 |     3 ||     5
       Whip              |       |    31 |   135 ||   166
 Cast: Freeze            |    45 |    16 |     1 ||    62
       Frozen Ramparts   |     1 |    15 |    12 ||    28
       Ozocubu's Armour  |       |     8 |     4 ||    12
       Static Discharge  |       |       |     2 ||     2
  Use: Scroll            |       |     2 |     1 ||     3
 Stab: Sleeping          |     1 |     6 |     8 ||    15
       Distracted        |       |       |     1 ||     1
Armor: Robe              |     8 |    18 |    19 ||    45
Dodge: Dodged            |    46 |    71 |    75 ||   192
